 Dungeon Crawl Stone Soup version 0.23-a0-32-g1388f29 (webtiles) character file.

4265 Amnesiac the Thaumaturge (level 10, -1/63 HPs)
             Began as a Mummy Earth Elementalist on Aug 4, 2018.
             Was a Priest of Vehumet.
             Slain by melvinkitnick's ghost (14 damage)
             ... on level 8 of the Dungeon.
             The game lasted 00:21:10 (9210 turns).

Amnesiac the Thaumaturge (Mummy Earth Elementalist) Turns: 9210, Time: 00:21:11

Health: -1/63      AC:  7    Str: 11    XL:     10   Next: 10%
Magic:  0/24       EV: 16    Int: 17    God:    Vehumet [***...]
Gold:   563        SH:  0    Dex: 14    Spells: 14/29 levels left

rFire    x . .     SeeInvis .   a - +1 spear (venom)
rCold    + . .     Gourm    .   (no shield)
rNeg     + + +     Faith    .   c - +0 troll leather armour
rPois    ∞         Spirit   .   (no helmet)
rElec    .         Reflect  .   (no cloak)
rCorr    .         Harm     .   h - +2 pair of gloves
MR       +....                  (no boots)
Stlth    ++........             (no amulet)
HPRegen  0.60/turn              i - +4 ring of evasion
MPRegen  0.19/turn              (no ring)

@: about to teleport
A: no food or potions, fire vulnerability, cold resistance 1, negative energy
resistance 3, torment resistance, unbreathing
a: Renounce Religion


You were on level 8 of the Dungeon.
You worshipped Vehumet.
Vehumet was most pleased with you.
You were not hungry.

You visited 2 branches of the dungeon, and saw 11 of its levels.

You collected 563 gold pieces.

Inventory:

Hand Weapons
 a - a +1 spear of venom (weapon)
 b - a +0 hunting sling
Missiles
 l - 44 sling bullets
 m - 126 stones (quivered)
 r - 3 throwing nets
Armour
 c - a +0 troll leather armour (worn)
 h - a +2 pair of gloves (worn)
Magical Staves
 j - an uncursed staff of energy
Jewellery
 i - a +4 ring of evasion (left hand)
 s - an uncursed ring of teleportation
Wands
 g - a wand of iceblast (4)
 n - a wand of paralysis (37)
Scrolls
 d - 3 scrolls of amnesia {!r}
 e - 4 scrolls of teleportation {!r}
 f - 4 scrolls of identify {!r}
 k - 2 scrolls of magic mapping {!r}
 o - 4 scrolls of fog {!r}
 p - a scroll of remove curse {!r}
 q - a scroll of enchant armour {!r}
 t - a scroll of fear {!r}


   Skills:
 + Level 2.3 Dodging
 - Level 1.5 Stealth
 + Level 10.3 Spellcasting
 - Level 0.7 Transmutations
 * Level 10.3 Earth Magic


You had 14 spell levels left.
You knew the following spells:

 Your Spells              Type           Power        Failure   Level  Hunger
a - Stone Arrow           Conj/Erth      ####..       1%          3    N/A
b - Passwall              Tmut/Erth      ####....     1%          2    N/A
c - Sandblast             Erth           #####.       1%          1    N/A
d - Lee's Rapid Deconstr  Erth           #####.....   1%          5    N/A
e - Petrify               Tmut/Erth      ####....     11%         4    N/A

Your spell library contained the following spells:

 Spells                   Type           Power        Failure   Level  Hunger
 Throw Frost              Conj/Ice       #.....       4%          2    N/A
 Freeze                   Ice            #...         3%          1    N/A
 Summon Ice Beast         Ice/Summ       #.......     73%         4    N/A
 Ozocubu's Armour         Chrm/Ice       #.......     32%         3    N/A
 Throw Icicle             Conj/Ice       #.......     28%         4    N/A

Dungeon Overview and Level Annotations

Branches:
Dungeon (10/15)            Temple (1/1) D:5             Orc (0/2) D:9
   Lair: D:8-11

Altars:
Ashenzari
Cheibriados
Dithmenos
Elyvilon
Fedhas
Gozag
Hepliaklqana
Kikubaaqudgha
Makhleb
Nemelex Xobeh
Okawaru
Qazlal
Ru
Sif Muna
Trog
Uskayaw
Vehumet
Wu Jian
Xom
Yredelemnul
Zin
The Shining One

Shops:
D:6 (

Annotations:
D:8 melvinkitnick's ghost, novice DsGl


Innate Abilities, Weirdness & Mutations

You do not eat or drink.
Your flesh is vulnerable to fire.
You are immune to poison.
Your flesh is cold resistant. (rC+)
You are immune to negative energy. (rN+++)
You are immune to unholy pain and torment.
You can survive without breathing.


Message History

Aiming: Stone Arrow (safe; 1% risk of failure)
Press: ? - help, Shift-Dir - straight line, f/p - melvinkitnick's ghost
Aim: melvinkitnick's ghost, wielding a vampiric weapon (severely damaged)
The stone arrow hits melvinkitnick's ghost.
Melvinkitnick's ghost is severely damaged.
Melvinkitnick's ghost hits you!
* * * LOW HITPOINT WARNING * * *
Melvinkitnick's ghost hits you.
* * * LOW HITPOINT WARNING * * *
Casting: Stone Arrow (safe; 1% risk of failure)
Confirm with . or Enter, or press ? or * to list all spells.
Aiming: Stone Arrow (safe; 1% risk of failure)
Press: ? - help, Shift-Dir - straight line, f/p - melvinkitnick's ghost
Aim: melvinkitnick's ghost, wielding a vampiric weapon (severely damaged)
The stone arrow misses melvinkitnick's ghost.
Melvinkitnick's ghost hits you!
* * * LOW HITPOINT WARNING * * *
Unknown command.
Melvinkitnick's ghost whispers, "There is no future for you."
Okay, then.
Okay, then.
Evoke which item? (* to show all) (? for menu, Esc to quit)
Aiming: Iceblast
Press: ? - help, Shift-Dir - straight line, p - melvinkitnick's ghost The mass of ice explodes!
The iceblast engulfs melvinkitnick's ghost.
Melvinkitnick's ghost is severely damaged.
Melvinkitnick's ghost shrieks, "To die, to sleep, no more."
Melvinkitnick's ghost closely misses you.
Evoke which item? (* to show all) (? for menu, Esc to quit)
Aiming: Iceblast
Press: ? - help, Shift-Dir - straight line The mass of ice explodes!
The iceblast engulfs melvinkitnick's ghost.
Melvinkitnick's ghost is severely damaged.
Melvinkitnick's ghost hits you!
* * * LOW HITPOINT WARNING * * *
Okay, then.
Unknown command.
Unknown command.
Okay, then.
Unknown command.
Unknown command.
Casting: Stone Arrow (safe; 1% risk of failure)
Confirm with . or Enter, or press ? or * to list all spells.
Okay, then.
Evoke which item? (* to show all) (? for menu, Esc to quit)
Okay, then.
Casting: Stone Arrow (safe; 1% risk of failure)
Confirm with . or Enter, or press ? or * to list all spells.
Aiming: Stone Arrow (safe; 1% risk of failure)
Press: ? - help, Shift-Dir - straight line, f - melvinkitnick's ghost
Aim: melvinkitnick's ghost, wielding a vampiric weapon (severely damaged)
The stone arrow misses melvinkitnick's ghost.
Melvinkitnick's ghost misses you.
Unknown command.
Really read
f - 4 scrolls of identify {!r}?
Okay, then.
Really read
e - 5 scrolls of teleportation {!r}?
As you read the scroll of teleportation {!r}, it crumbles to dust.
You feel strangely unstable.
Melvinkitnick's ghost wails.
Melvinkitnick's ghost hits you!
You die...

######### ####
#.......#### #..#
#..........# #..###
#...!.%..#.##
#....###########.#..#
####@W.....### #.#..#
##........# #...##
##########..####...#
#...# ##....#...#
#...# #.##......
#...# #.#.......
#...#######.........
#...................
#...########........


You could see melvinkitnick's ghost.

Vanquished Creatures
  A troll (D:9)
  A water moccasin (D:7)
  An ice beast (D:9)
  6 orc warriors
  2 sky beasts
  4 ogres
  6 centaurs
  A big kobold (D:9)
  5 bullfrogs
  A gnoll sergeant (D:6)
  6 killer bees
  A scorpion (D:8)
  2 electric eels (D:9)
  2 howler monkeys
  3 crimson imps
  A bullfrog zombie (D:9)
  A centaur zombie (D:8)
  4 orc priests
  6 hounds
  3 jellies
  2 bullfrog skeletons
  4 orc wizards
  2 iguanas
  7 worker ants
  5 hound zombies
  2 hound skeletons
  2 worker ant zombies
  7 gnolls
  7 adders
  4 shadow imps
  2 oozes
  An adder zombie (D:8)
  An adder skeleton (D:7)
  A worm (D:4)
  2 dart slugs
  6 leopard geckos
  29 orcs
  2 ball pythons
  5 giant cockroaches
  6 goblins
  7 hobgoblins
  7 jackals
  6 quokkas
  8 bats
  A giant cockroach zombie (D:5)
  A jackal zombie (D:8)
  11 kobolds
  A leopard gecko skeleton (D:7)
  2 quokka skeletons
  A quokka zombie (D:6)
  4 rats
203 creatures vanquished.

Notes
Turn   | Place    | Note
-------+----------+-------------------------------------------
     0 | D:1      | Amnesiac the Mummy Earth Elementalist began the quest for the Orb.
     0 | D:1      | Reached XP level 1. HP: 13/13 MP: 4/4
   439 | D:2      | Reached XP level 2. HP: 19/19 MP: 0/5
   443 | D:2      | Learned a level 2 spell: Passwall
   892 | D:2      | Reached XP level 3. HP: 24/24 MP: 7/7
   902 | D:2      | Learned a level 3 spell: Stone Arrow
  1368 | D:4      | Reached XP level 4. HP: 30/30 MP: 7/9
  1374 | D:4      | Learned a level 4 spell: Petrify
  1437 | D:5      | Entered Level 5 of the Dungeon
  1483 | D:4      | Reached XP level 5. HP: 16/35 MP: 3/11
  2137 | D:4      | Noticed an ogre
  2146 | D:4      | Killed an ogre
  2146 | D:4      | Reached skill level 5 in Earth Magic
  2146 | D:4      | Reached XP level 6. HP: 15/41 MP: 6/13
  2304 | D:5      | Reached skill level 5 in Spellcasting
  2324 | D:5      | Learned a level 5 spell: Lee's Rapid Deconstruction
  2631 | D:5      | Found an opulent altar of Gozag.
  2923 | D:5      | Found a staircase to the Ecumenical Temple.
  2930 | Temple   | Entered the Ecumenical Temple
  3044 | Temple   | Became a worshipper of Vehumet
  4297 | D:2      | Found a faded altar of an unknown god.
  4608 | D:3      | Reached * piety under Vehumet
  4608 | D:3      | Offered knowledge of Freeze by Vehumet.
  5004 | D:5      | Reached XP level 7. HP: 38/46 MP: 15/15
  5051 | D:5      | HP: 2/46 [centaur (10)]
  5966 | D:6      | Reached XP level 8. HP: 40/52 MP: 12/18
  6133 | D:6      | Found Kuaroha's Antique Weapon Shop.
  6856 | D:7      | Reached XP level 9. HP: 47/57 MP: 1/21
  6892 | D:8      | Reached ** piety under Vehumet
  6892 | D:8      | Offered knowledge of Shock by Vehumet.
  7992 | D:8      | Offered knowledge of Inner Flame by Vehumet.
  8036 | D:9      | Found the +7 Kryia's mail coat {PotionHeal*2 rC+}
  8037 | D:9      | Noticed melvinkitnick's ghost (novice DsGl)
  8037 | D:9      | Noticed an orb spider
  8063 | D:9      | Noticed a troll
  8069 | D:9      | Killed a troll
  8097 | D:9      | Found a runed gate.
  8097 | D:9      | Found a runed gate.
  8099 | D:9      | Found a runed gate.
  8105 | D:9      | Noticed a jumping spider
  8178 | D:9      | Reached *** piety under Vehumet
  8227 | D:9      | Reached skill level 10 in Spellcasting
  8227 | D:9      | Reached skill level 10 in Earth Magic
  8372 | D:9      | Offered knowledge of Static Discharge by Vehumet.
  8373 | D:9      | Found a staircase to the Orcish Mines.
  8432 | D:9      | Reached XP level 10. HP: 62/63 MP: 22/24
  8871 | D:10     | Entered Level 10 of the Dungeon
  8894 | D:9      | Noticed an eye of devastation
  9210 | D:8      | Slain by melvinkitnick's ghost

Vault maps used:
D:1:      evilmike_arrival_fibonacci_small, hangedman_decor_points, minivault_24
D:2:      chequers_ecumenical_altar_island, skrybe_limestone_x
D:3:      first_ration, grunt_ministairs_2
D:4:      kb_forest_paths, minmay_curled_crystal
D:5:      nicolae_gozag_cash_rules_everything_around_me,
          minmay_temple_entry_trees
D:6:      serial_shops, nicolae_shop_waterfront, serial_curves, eino_curves_03,
          eino_curves_04, eino_curves_03, eino_curves_03, st_stairs_2
D:9:      erik_orc_2, gammafunk_ghost_split
D:10:     serial_shops, nicolae_shop_overgrown_old_shop, shop, shop, shop,
          kennysheep_decorative_pillar
Temple:   kilobyte_greek_temple

Skill      XL: |  1  2  3  4  5  6  7  8  9 |
---------------+----------------------------+-----
Earth Magic    | 3 4 5 6 8 10 | 10.3
Spellcasting   | 3 4 5 6 8 10 | 10.3
Dodging        | 2 |  2.3
Stealth        | |  1.5
Transmutations | |  0.7

Action                   |  1- 3 |  4- 6 |  7- 9 | 10-12 || total
-------------------------+-------+-------+-------+-------++-------
Melee: Unarmed           |    57 |       |       |       ||    57
       Short sword       |     4 |       |       |       ||     4
       Rapier            |    70 |       |       |       ||    70
       Halberd           |       |    24 |    80 |       ||   104
       Spear             |       |       |   256 |    33 ||   289
 Fire: Hunting sling     |     5 |   178 |     2 |       ||   185
 Cast: Sandblast         |    14 |    26 |    48 |     7 ||    95
       Passwall          |     1 |       |     1 |       ||     2
       Stone Arrow       |       |     4 |    14 |    15 ||    33
       Lee's Rapid Decon |       |       |    32 |     8 ||    40
       Petrify           |       |       |     8 |       ||     8
Evoke: Wand              |       |       |     4 |     3 ||     7
  Use: Scroll            |       |     7 |     6 |     2 ||    15
 Stab: Petrified         |       |       |    30 |       ||    30
       Sleeping          |       |       |     1 |     3 ||     4
       Petrifying        |       |       |     1 |       ||     1
Armor: Robe              |    39 |    44 |    54 |       ||   137
       Troll leather arm |       |       |    13 |     8 ||    21
       Leather armour    |       |       |     3 |       ||     3
Dodge: Dodged            |   106 |   107 |   230 |    29 ||   472

Table legend:
 A = Spawn XP
 B = Non-spawn XP
 C = Spawn XP percentage of total XP
 D = Spawn monster count
 E = Non-spawn monster count
 F = Spawn count percentage of total count
 G = Total turns spent on level
                    A         B        C        D         E        F      G
               +---------+---------+-------+---------+---------+-------+---------
         Total |       0 |    6093 |   0.0 |       0 |     203 |   0.0 |  9210
               +---------+---------+-------+---------+---------+-------+---------
           D:1 |       0 |      36 |   0.0 |       0 |      19 |   0.0 |   729
           D:2 |       0 |      46 |   0.0 |       0 |      17 |   0.0 |  1427
           D:3 |       0 |     113 |   0.0 |       0 |      23 |   0.0 |   689
           D:4 |       0 |     382 |   0.0 |       0 |      15 |   0.0 |  1189
           D:5 |       0 |     320 |   0.0 |       0 |      11 |   0.0 |  1225
           D:6 |       0 |    1061 |   0.0 |       0 |      25 |   0.0 |  1311
           D:7 |       0 |    1395 |   0.0 |       0 |      24 |   0.0 |   603
           D:8 |       0 |     801 |   0.0 |       0 |      29 |   0.0 |   816
           D:9 |       0 |    1851 |   0.0 |       0 |      39 |   0.0 |  1064
          D:10 |       0 |      88 |   0.0 |       0 |       1 |   0.0 |     6
               +---------+---------+-------+---------+---------+-------+---------
